AoeStats
← betaxy

Arabia

508663184Analyzed
1v1 RM · 8d ago on Sep 23, 2026· 29m 55s· 2 players
Game mode
Random Map
Map size
Tiny (2 player)
Population
200
Speed
Normal
Resources
Standard
Victory
Conquest
Starting age
Dark Age
Ending age
Imperial Age
RankedLock teamsTeams togetherTeam positionsShared explorationLock speedFull tech treeHidden civsTurbo modeCheats
Victory
Defeat
🇩🇪 Varangians · Germany
1056
+15
🇹🇼 Jurchens · Taiwan
1039
-15
Katsu
8:16 Loom
10:36 Feudal Age
12:08 Man-at-Arms
24:02 Fletching
24:56 Double-Bit Axe
27:51 Padded Archer Armor
betaxy
6:21 Loom
9:26 Feudal Age
9:55 Man-at-Arms
10:29 Arson
15:28 Horse Collar
15:40 Gold Mining
19:18 Scale Mail Armor
20:33 Stone Mining
21:18 Double-Bit Axe
25:49 Castle Age
25:06 Fletching
25:17 Padded Archer Armor
27:03 Forging
26:41 Gambesons
26:22 Elite Skirmisher
27:25 Bow Saw
27:38 Squires
27:35 Long Swordsman
29:11 Bodkin Arrow
Connection lost

Rejoining the realm…

Still unreachable

The connection could not be restored.

Session expired

The server has moved on; the page needs a fresh start.